Map: Blackpink LE

Players

Neuro - Winner!

  • Race: Zerg Zerg
  • League: Master
  • Spawn Location: 7:00

crymeareaver

  • Race: Protoss Protoss
  • League: Master
  • Spawn Location: 1:00

VOD

Have the link to the VOD?

Description

Time

  • Played on: Dec. 3, 2017, 7:59 p.m.
  • Length: 12:06
Show
View Real Time Build Order
Export as new Build Order

Neuro Zerg - Winner!

Build Orders: Hatch First 

Get SALT Encoding   

  12  0:01  Drone  
  13  0:12  Overlord  
  13  0:17  Drone  
  14  0:31  Drone x2  
  14  0:34  Drone  
  17  0:52  Hatchery  
  17  0:54  Drone  
  17  0:57  Drone  
  18  1:10  Drone  
  19  1:15  Extractor  
  18  1:20  Spawning Pool  
  18  1:25  Drone  
  18  1:34  Drone  
  19  1:41  Drone  
  20  1:52  Drone  
  21  2:01  Overlord  
  21  2:07  Queen x2, Drone  
  26  2:21  Drone x2, Metabolic Boost  
  29  2:22  Drone  
  29  2:33  Drone x2  
  31  2:40  Hatchery  
  30  2:54  Drone x3  
  30  2:58  Overlord x2  
  33  3:05  Evolution Chamber  
  32  3:07  Baneling Nest, Drone  
  32  3:16  Zergling x8  
  37  3:20  Zergling x4  
  37  3:25  Zergling x4  
  40  3:29  Overlord  
  40  3:40  Drone x2  
  42  3:41  Queen  
  44  3:59  Overlord  
  44  4:00  Drone x7  
  50  4:07  Pneumatized Carapace  
  49  4:18  Drone x7  
  56  4:27  Drone x2  
  56  4:29  Zerg Melee Weapons Level 1  
  58  4:34  Overlord x2  
  56  4:49  Overlord  
  56  4:50  Overlord x3  
  56  4:51  Drone x2  
  57  4:58  Baneling x3  
  57  5:00  Baneling  
  57  5:01  Drone x7  
  57  5:06  Zergling x10  
  69  5:19  Zergling x10, Extractor  
  73  5:29  Overlord x2  
  73  5:31  Drone x5  
  78  5:35  Zergling x2  
  78  5:36  Zergling x10  
  78  5:37  Queen  
  86  5:45  Zergling x6  
  86  5:46  Burrow  
  89  5:52  Overlord  
  89  6:10  Zergling x22  
  97  6:12  Queen  
  97  6:13  Queen  
  97  6:16  Spine Crawler x3  
  97  6:18  Spine Crawler x2  
  95  6:22  Zergling x6  
  95  6:26  Baneling x2  
  95  6:28  Baneling  
  95  6:32  Zergling x6  
  86  6:41  Zergling x10  
  85  6:47  Zergling x12  
  85  6:51  Zergling x4  
  93  6:56  Baneling x4  
  92  7:01  Zergling x4  
  92  7:02  Zergling x6  
  90  7:11  Zergling x6  
  90  7:14  Queen  
  88  7:16  Overlord  
  87  7:27  Baneling x4  
  81  7:34  Hatchery  
  73  7:58  Zergling x12  
  63  7:59  Queen  
  63  8:12  Zergling x2, Hatchery  
  64  8:16  Hatchery  
  46  9:01  Zergling x10  
  43  9:11  Zergling x2, Queen  
  45  9:17  Zergling x2  
  45  9:22  Zergling x2  
  46  9:24  Queen  
  46  9:39  Zergling x18  
  46  9:45  Zergling x2  
  55  9:50  Zergling x6  
  58  10:00  Zergling x6  
  62  10:08  Zergling x6  
  62  10:13  Zergling x4  
  62  10:25  Zergling x10  
  62  10:26  Zergling x2  
  65  10:30  Zergling x4  
  65  10:35  Queen  
  63  10:45  Zergling x2  
  63  10:46  Zergling x4  
  66  10:56  Drone x11  
  66  11:03  Zergling x12  
  57  11:13  Queen  
  57  11:15  Zergling x2  
  57  11:25  Zergling x6  
  59  11:26  Drone x11  
  57  11:44  Zergling x4  
Show
View Real Time Build Order
Export as new Build Order

crymeareaver Protoss 

Build Orders: 1 Gate Expand 

Get SALT Encoding   

  12  0:00  Probe (Chrono Boost)  
  13  0:17  Probe  
  13  0:19  Pylon  
  14  0:29  Probe  
  15  0:37  Gateway  
  15  0:46  Probe  
  15  0:49  Assimilator  
  16  0:58  Probe  
  17  1:10  Probe  
  18  1:25  Nexus  
  18  1:37  Cybernetics Core  
  18  1:39  Probe  
  19  1:48  Assimilator  
  19  1:52  Probe  
  20  2:00  Pylon  
  20  2:04  Probe  
  21  2:12  Stalker (Chrono Boost)  
  23  2:15  Warp Gate  
  23  2:18  Probe  
  24  2:30  Probe  
  24  2:32  Zealot  
  27  2:39  Robotics Facility  
  27  2:41  Probe  
  28  2:46  Probe  
  29  2:53  Probe  
  30  2:58  Probe  
  30  3:00  Sentry  
  30  3:05  Probe  
  34  3:10  Probe  
  35  3:17  Probe  
  36  3:23  Probe  
  36  3:26  Sentry  
  39  3:29  Probe  
  39  3:30  Immortal (Chrono Boost)  
  44  3:36  Probe  
  44  3:37  Assimilator  
  44  3:38  Pylon  
  45  3:41  Probe  
  46  3:56  Sentry  
  46  3:59  Warp Prism  
  50  4:23  Sentry  
  52  4:30  Probe x2  
  54  4:48  Gateway x2  
  54  4:56  Pylon  
  54  4:58  Pylon  
  54  5:00  Pylon  
  54  5:03  Pylon  
  54  5:06  Gateway  
  54  5:08  Gateway  
  54  5:09  Gateway  
  54  5:11  Gateway  
  54  5:14  Immortal (Chrono Boost)  
  54  5:15  Sentry  
  60  5:25  Pylon  
  60  5:29  Pylon  
  60  5:36  Immortal (Chrono Boost)  
  60  5:38  Sentry  
  66  5:47  Stalker  
  66  5:48  Stalker  
  70  5:56  Pylon  
  66  6:13  Adept  
  66  6:14  Adept  
  66  6:17  Adept x2  
  66  6:18  Adept x3  
  76  6:39  Adept x4  
  84  6:40  Adept x3  
  88  7:07  Adept x2  
  85  7:10  Adept x4  
  88  7:21  Stalker  
  87  7:49  Probe x2  
  89  8:01  Probe x2  
  86  8:10  Sentry x4  
  94  8:14  Zealot, Probe x2 (Chrono Boost)  
  98  8:26  Probe x2 (Chrono Boost)  
  102  8:35  Probe x2 (Chrono Boost)  
  61  8:55  Probe  
  61  8:56  Probe  
  61  9:01  Zealot x2  
  61  9:02  Zealot x3  
  71  9:13  Probe x2 (Chrono Boost)  
  75  9:25  Probe x2 (Chrono Boost)  
  75  9:35  Zealot x3  
  81  9:39  Probe  
  79  10:08  Zealot  
  79  10:09  Zealot x2  
  79  10:12  Zealot x3  
  73  10:23  Probe  
  60  10:38  Probe  
Tags
 
Add a new tag
Caveats
  • Supply blocks, unpowered buildings, or Contaminate may cause inaccurate times.
  • Supply counts are checked every 10 seconds.